Construct Infanterie Kompanie
Selects Terror Battlegroup
Selects Machine Gun Camouflage
Infanterie Officer Quarters
Construct Luftwaffe Kompanie
Selects Defend the Fatherland
Luftwaffe Officer Quarters
Flak 30 Anti-aircraft Gun Team
Selects King Tiger Heavy Tank
Selects Contempt for the Weak
Selects Propaganda Leaflet Drop
Marder III M Tank Destroyer
Marder III M Tank Destroyer
Construct Panzergrenadier Kompanie
Pak 40 Anti-tank Gun Team
Panzergrenadier Officer Quarters